TOP OF THE 1ST |
Hudson Valley Renegades batting - Pitching for Aberdeen Ironbirds : RHP Juan Estrada
|
Pitching: RHP Juan Estrada
|
|
Batting: LHB Dan Hunt
|
0-0: Ball 1-0: Foul Ball, location: 2F 1-1: SINGLE (Line Drive, 4D, EV 100.0 MPH)
|
Batting: RHB Jesse Haddad
|
0-0: Ball Dan Hunt steals 2nd base (no throw) 1-0: Swinging Strike 1-1: Ball 2-1: Ground out 6-3 (Groundball, 6, EV 99.4 MPH)
|
Batting: LHB Mark Marvin
|
0-0: DOUBLE (Line Drive, 89D, EV 107.5 MPH) Dan Hunt scores
|
Batting: SHB Suljo Dokic
|
0-0: Ball 1-0: Foul Ball, location: 2F 1-1: Called Strike 1-2: Strikes out swinging
|
Batting: RHB Freddy Mullen
|
0-0: Ball 1-0: SINGLE (Line Drive, 89S, EV 105.6 MPH) Mark Marvin to third Runner from 3rd tries for Home, throw by CF and OUT! 8-2
|
Top of the 1st over - 1 run, 3 hits, 0 errors, 1 left on base; Hudson Valley 1 - Aberdeen 0 |
BOTTOM OF THE 1ST |
Aberdeen Ironbirds batting - Pitching for Hudson Valley Renegades : RHP Kyle Thomas
|
Pitching: RHP Kyle Thomas
|
|
Batting: LHB Shane Free
|
0-0: Ball 1-0: Ball 2-0: Ball 3-0: Foul Ball, location: 2F 3-1: Base on Balls
|
Batting: LHB Bill Ostlund
|
0-0: Called Strike 0-1: Called Strike Shane Free steals 2nd base 0-2: Ball 1-2: Foul Ball, location: 2F 1-2: Ground out 6-3 (Groundball, 6, EV 91.9 MPH) Shane Free to third
|
Batting: RHB Edwin Ramos
|
0-0: Ball 1-0: Ball 2-0: Ball 3-0: Called Strike 3-1: Foul Ball, location: 2F 3-2: Strikes out swinging
|
Batting: LHB Raul Rojas
|
0-0: Ground out 4-3 (Groundball, 34D, EV 103.1 MPH)
|
Bottom of the 1st over - 0 runs, 0 hits, 0 errors, 1 left on base; Hudson Valley 1 - Aberdeen 0 |
TOP OF THE 2ND |
Hudson Valley Renegades batting - Pitching for Aberdeen Ironbirds : RHP Juan Estrada
|
Batting: RHB Mark Richert
|
0-0: Swinging Strike 0-1: Ground out U3 (Groundball, 3L, EV 80.0 MPH)
|
Batting: RHB Khalil Walker
|
0-0: Foul Ball, location: 2F 0-1: Ball 1-1: Fly out, F9 (Flyball, 89M, EV 88.1 MPH)
|
Batting: RHB Chris Glavin
|
0-0: Ball 1-0: Ball 2-0: Called Strike 2-1: Ball 3-1: Base on Balls
|
Batting: RHB Orlando Herrera
|
0-0: Called Strike Chris Glavin steals 2nd base 0-1: Ground out 6-3 (Groundball, 56, EV 83.8 MPH)
|
Top of the 2nd over - 0 runs, 0 hits, 0 errors, 1 left on base; Hudson Valley 1 - Aberdeen 0 |
BOTTOM OF THE 2ND |
Aberdeen Ironbirds batting - Pitching for Hudson Valley Renegades : RHP Kyle Thomas
|
Batting: SHB Jorge Brito
|
0-0: Fly out, F9 (Line Drive, 9S, EV 89.4 MPH)
|
Batting: RHB Travis Carter
|
0-0: Called Strike 0-1: Foul Ball, location: 2F 0-2: Strikes out looking
|
Batting: RHB Jordan Wallace
|
0-0: Ground out 3-1 (Groundball, 34, EV 93.1 MPH)
|
Bottom of the 2nd over - 0 runs, 0 hits, 0 errors, 0 left on base; Hudson Valley 1 - Aberdeen 0 |
TOP OF THE 3RD |
Hudson Valley Renegades batting - Pitching for Aberdeen Ironbirds : RHP Juan Estrada
|
Batting: LHB Dan Hunt
|
0-0: Called Strike 0-1: Ball 1-1: Ball 2-1: Ball 3-1: Foul Ball, location: 2F 3-2: Strikes out looking
|
Batting: RHB Jesse Haddad
|
0-0: Ball 1-0: Foul Ball, location: 2F 1-1: Foul Ball, location: 2F 1-2: Fly out, F5 (Popup, 25F, EV 83.1 MPH)
|
Batting: LHB Mark Marvin
|
0-0: Foul Ball, location: 2F 0-1: Ball 1-1: Foul Ball, location: 2F 1-2: SINGLE (Line Drive, 4D, EV 104.4 MPH)
|
Batting: SHB Suljo Dokic
|
0-0: Called Strike Mark Marvin steals 2nd base 0-1: DOUBLE (Flyball, 8LXD, EV 103.8 MPH) Mark Marvin scores
|
Batting: RHB Freddy Mullen
|
0-0: Ball 1-0: Foul Ball, location: 2F 1-1: Fly out, F8 (Flyball, 8LS, EV 76.3 MPH)
|
Top of the 3rd over - 1 run, 2 hits, 0 errors, 1 left on base; Hudson Valley 2 - Aberdeen 0 |
BOTTOM OF THE 3RD |
Aberdeen Ironbirds batting - Pitching for Hudson Valley Renegades : RHP Kyle Thomas
|
Batting: LHB David Best
|
0-0: Ball 1-0: Ball 2-0: Foul Ball, location: 2F 2-1: Foul Ball, location: 2F 2-2: Ground out 4-3 (Groundball, 4, EV 85.0 MPH)
|
Batting: SHB Hugo Moreno
|
0-0: Foul Ball, location: 2F 0-1: Ground out U3 (Groundball, 3L, EV 93.8 MPH)
|
Batting: LHB Shane Free
|
0-0: Ball 1-0: Called Strike 1-1: Ball 2-1: Ground out 6-3 (Groundball, 6, EV 103.8 MPH)
|
Bottom of the 3rd over - 0 runs, 0 hits, 0 errors, 0 left on base; Hudson Valley 2 - Aberdeen 0 |
TOP OF THE 4TH |
Hudson Valley Renegades batting - Pitching for Aberdeen Ironbirds : RHP Juan Estrada
|
Batting: RHB Mark Richert
|
0-0: Ball 1-0: Ground out 5-3 (Groundball, 56, EV 83.1 MPH)
|
Batting: RHB Khalil Walker
|
0-0: Foul Ball, location: 2F 0-1: Ball 1-1: Ground out 5-3 (Groundball, 56S, EV 85.6 MPH)
|
Batting: RHB Chris Glavin
|
0-0: Ball 1-0: Fly out, F9 (Line Drive, 9, EV 91.3 MPH)
|
Top of the 4th over - 0 runs, 0 hits, 0 errors, 0 left on base; Hudson Valley 2 - Aberdeen 0 |
BOTTOM OF THE 4TH |
Aberdeen Ironbirds batting - Pitching for Hudson Valley Renegades : RHP Kyle Thomas
|
Batting: LHB Bill Ostlund
|
0-0: Called Strike 0-1: Foul Ball, location: 2F 0-2: Ball 1-2: Ball 2-2: Ball 3-2: Fly out, F7 (Flyball, 7S, EV 91.3 MPH)
|
Batting: RHB Edwin Ramos
|
0-0: Ground out 6-3 (Groundball, 56, EV 109.4 MPH)
|
Batting: LHB Raul Rojas
|
0-0: Ball 1-0: Called Strike 1-1: Ball 2-1: Ball 3-1: Swinging Strike 3-2: SOLO HOME RUN (Flyball, 78XD, EV 101.9 MPH), Distance : 426 ft
|
Batting: SHB Jorge Brito
|
0-0: Ground out 5-3 (Groundball, 56, EV 85.6 MPH)
|
Bottom of the 4th over - 1 run, 1 hit, 0 errors, 0 left on base; Hudson Valley 2 - Aberdeen 1 |
TOP OF THE 5TH |
Hudson Valley Renegades batting - Pitching for Aberdeen Ironbirds : RHP Juan Estrada
|
Batting: RHB Orlando Herrera
|
0-0: Ball 1-0: Ball 2-0: Called Strike 2-1: Ground out 3-1 (Groundball, 34S, EV 78.8 MPH)
|
Batting: LHB Dan Hunt
|
0-0: DOUBLE (Groundball, 5L, EV 107.5 MPH)
|
Batting: RHB Jesse Haddad
|
0-0: Called Strike Dan Hunt steals 3rd base 0-1: Ball 1-1: Foul Ball, location: 2F 1-2: Ground out 6-3 (Groundball, 6, EV 79.4 MPH) Dan Hunt scores
|
Batting: LHB Mark Marvin
|
0-0: Ground out 4-3 (Groundball, 4, EV 81.3 MPH)
|
Top of the 5th over - 1 run, 1 hit, 0 errors, 0 left on base; Hudson Valley 3 - Aberdeen 1 |
BOTTOM OF THE 5TH |
Aberdeen Ironbirds batting - Pitching for Hudson Valley Renegades : RHP Kyle Thomas
|
Batting: RHB Travis Carter
|
0-0: Ball 1-0: Called Strike 1-1: Foul Ball, location: 2F 1-2: Fly out, F7 (Flyball, 7LS, EV 86.9 MPH)
|
Batting: RHB Jordan Wallace
|
0-0: Called Strike 0-1: Ball 1-1: Ball 2-1: SINGLE (Groundball, 6MD, EV 96.9 MPH)
|
Batting: LHB David Best
|
0-0: Ball 1-0: 2-RUN HOME RUN (Flyball, 7D, EV 103.1 MPH), Distance : 402 ft
|
Batting: SHB Hugo Moreno
|
0-0: Foul Ball, location: 2F 0-1: Ball 1-1: SINGLE (Groundball, 3, EV 99.4 MPH)
|
Batting: LHB Shane Free
|
0-0: Foul Ball, location: 2F 0-1: Foul Ball, location: 2F 0-2: Ball 1-2: Fielders Choice at 2nd, 3-6 (Groundball, 34, EV 86.3 MPH)
|
Batting: LHB Bill Ostlund
|
0-0: Ball 1-0: Called Strike Shane Free steals 2nd base 1-1: Ball 2-1: Called Strike 2-2: Strikes out looking
|
Bottom of the 5th over - 2 runs, 3 hits, 0 errors, 1 left on base; Hudson Valley 3 - Aberdeen 3 |
TOP OF THE 6TH |
Hudson Valley Renegades batting - Pitching for Aberdeen Ironbirds : RHP Juan Estrada
|
Batting: SHB Suljo Dokic
|
0-0: Called Strike 0-1: Foul Ball, location: 2F 0-2: Ball 1-2: Strikes out looking
|
Batting: RHB Freddy Mullen
|
0-0: DOUBLE (Groundball, 5L, EV 101.3 MPH)
|
Batting: RHB Mark Richert
|
0-0: Intentional Walk
|
Batting: RHB Khalil Walker
|
0-0: Ball 1-0: Ball 2-0: Swinging Strike 2-1: Swinging Strike 2-2: Ball 3-2: Strikes out swinging
|
Pitching: LHP Roger Farley
|
|
Batting: RHB Chris Glavin
|
0-0: Ball 1-0: Called Strike 1-1: Foul Ball, location: 2F 1-2: Strikes out swinging
|
Top of the 6th over - 0 runs, 1 hit, 0 errors, 2 left on base; Hudson Valley 3 - Aberdeen 3 |
BOTTOM OF THE 6TH |
Aberdeen Ironbirds batting - Pitching for Hudson Valley Renegades : RHP Kyle Thomas
|
Batting: RHB Edwin Ramos
|
0-0: Called Strike 0-1: Ball 1-1: Ball 2-1: Called Strike 2-2: Ball 3-2: Strikes out swinging
|
Batting: LHB Raul Rojas
|
0-0: Called Strike 0-1: Swinging Strike 0-2: Ground out 4-3 (Groundball, 4, EV 84.4 MPH)
|
Batting: SHB Jorge Brito
|
0-0: Fly out, F8 (Flyball, 8RM, EV 86.9 MPH)
|
Bottom of the 6th over - 0 runs, 0 hits, 0 errors, 0 left on base; Hudson Valley 3 - Aberdeen 3 |
TOP OF THE 7TH |
Hudson Valley Renegades batting - Pitching for Aberdeen Ironbirds : LHP Roger Farley
|
Batting: RHB Orlando Herrera
|
0-0: Ground out 4-3 (Groundball, 4, EV 100.6 MPH)
|
Batting: LHB Dan Hunt
|
0-0: Ball 1-0: Ball 2-0: Ball 3-0: Called Strike 3-1: Ground out 4-3 (Groundball, 4, EV 85.6 MPH)
|
Batting: RHB Jesse Haddad
|
0-0: Foul Ball, location: 2F 0-1: Foul Ball, location: 2F 0-2: Ground out 6-3 (Groundball, 6, EV 98.1 MPH)
|
Top of the 7th over - 0 runs, 0 hits, 0 errors, 0 left on base; Hudson Valley 3 - Aberdeen 3 |
BOTTOM OF THE 7TH |
Aberdeen Ironbirds batting - Pitching for Hudson Valley Renegades : RHP Kyle Thomas
|
Batting: RHB Travis Carter
|
0-0: Ball 1-0: Swinging Strike 1-1: Called Strike 1-2: Ball 2-2: Ball 3-2: Strikes out swinging
|
Batting: RHB Jordan Wallace
|
0-0: Ball 1-0: Swinging Strike 1-1: Ball 2-1: Ground out 6-3 (Groundball, 6M, EV 91.3 MPH)
|
Batting: LHB David Best
|
0-0: Called Strike 0-1: Ball 1-1: Ball 2-1: Called Strike 2-2: Strikes out swinging
|
Bottom of the 7th over - 0 runs, 0 hits, 0 errors, 0 left on base; Hudson Valley 3 - Aberdeen 3 |
TOP OF THE 8TH |
Hudson Valley Renegades batting - Pitching for Aberdeen Ironbirds : LHP Roger Farley
|
Batting: LHB Mark Marvin
|
0-0: Ball 1-0: Ground out 4-3 (Groundball, 4, EV 88.8 MPH)
|
Batting: SHB Suljo Dokic
|
0-0: Ball 1-0: Swinging Strike 1-1: Swinging Strike 1-2: Strikes out looking
|
Batting: RHB Freddy Mullen
|
0-0: Called Strike 0-1: Ball 1-1: Foul Ball, location: 2F 1-2: Ball 2-2: Ball 3-2: Base on Balls
|
Pinch Runner at 1st Josif Popovski:
|
|
Batting: RHB Mark Richert
|
0-0: Called Strike 0-1: Foul Ball, location: 2F 0-2: Foul Ball, location: 2F 0-2: Ball Josif Popovski is caught stealing 2nd base 2-4
|
Top of the 8th over - 0 runs, 0 hits, 0 errors, 0 left on base; Hudson Valley 3 - Aberdeen 3 |
BOTTOM OF THE 8TH |
Aberdeen Ironbirds batting - Pitching for Hudson Valley Renegades : RHP Kyle Thomas
|
Pitching: RHP Pablo Maravilla
|
|
Now at C: Gabriel Duarte
|
|
Batting: SHB Hugo Moreno
|
0-0: Ball 1-0: Ball 2-0: Ball 3-0: Base on Balls
|
Batting: LHB Shane Free
|
0-0: Ball 1-0: Swinging Strike 1-1: Called Strike 1-2: Foul Ball, location: 2F 1-2: Ball 2-2: Foul Ball, location: 2F 2-2: Fielders Choice at 2nd, 6-4 (Groundball, 6MS, EV 90.0 MPH)
|
Batting: LHB Bill Ostlund
|
0-0: Ball Shane Free is caught stealing 2nd base 2-6 1-0: Foul Ball, location: 2F 1-1: Ball 2-1: Foul Ball, location: 2F 2-2: Strikes out looking
|
Bottom of the 8th over - 0 runs, 0 hits, 0 errors, 0 left on base; Hudson Valley 3 - Aberdeen 3 |
TOP OF THE 9TH |
Hudson Valley Renegades batting - Pitching for Aberdeen Ironbirds : LHP Roger Farley
|
Pitching: LHP Vinny Duarte
|
|
Batting: RHB Mark Richert
|
0-0: Ground out 6-3 (Groundball, 6MS, EV 85.6 MPH)
|
Batting: RHB Khalil Walker
|
0-0: SINGLE (Line Drive, 6MD, EV 98.8 MPH)
|
Batting: RHB Chris Glavin
|
0-0: Ball Khalil Walker steals 2nd base 1-0: Intentional Walk
|
Batting: RHB Orlando Herrera
|
0-0: Ball 1-0: Swinging Strike 1-1: Foul Ball, location: 2F 1-2: Ball 2-2: Ball 3-2: Fly out, F8 (Flyball, 78D, EV 97.5 MPH)
|
Batting: LHB Dan Hunt
|
0-0: Swinging Strike 0-1: Foul Ball, location: 2F 0-2: Strikes out swinging
|
Top of the 9th over - 0 runs, 1 hit, 0 errors, 2 left on base; Hudson Valley 3 - Aberdeen 3 |
BOTTOM OF THE 9TH |
Aberdeen Ironbirds batting - Pitching for Hudson Valley Renegades : RHP Pablo Maravilla
|
Pitching: RHP Chris Marino
|
|
Batting: LHB Tim Mulholland
|
0-0: Foul Ball, location: 2F 0-1: Foul Ball, location: 2F 0-2: Ball 1-2: Hit by Pitch
|
Pinch Runner at 1st Hunter Neumann:
|
|
Batting: LHB Raul Rojas
|
0-0: Ball 1-0: Ball 2-0: SINGLE (Groundball, 6D, EV 98.8 MPH) Hunter Neumann to second
|
Batting: SHB Jorge Brito
|
0-0: Ball 1-0: Foul Ball, location: 2F 1-1: Foul Ball, location: 2F 1-2: Foul Ball, location: 2F 1-2: Strikes out swinging
|
Batting: RHB Travis Carter
|
0-0: Ball 1-0: Ground out 5-3 (Groundball, 5S, EV 73.8 MPH) Hunter Neumann to third Raul Rojas to second
|
Batting: RHB Jordan Wallace
|
0-0: Called Strike 0-1: Ball 1-1: Called Strike 1-2: Ground out 6-3 (Groundball, 6MD, EV 105.6 MPH)
|
Bottom of the 9th over - 0 runs, 1 hit, 0 errors, 2 left on base; Hudson Valley 3 - Aberdeen 3 |
TOP OF THE 10TH |
Hudson Valley Renegades batting - Pitching for Aberdeen Ironbirds : LHP Vinny Duarte
|
Batting: RHB Jesse Haddad
|
0-0: Swinging Strike 0-1: Ground out 6-3 (Groundball, 6D, EV 105.6 MPH)
|
Batting: LHB Mark Marvin
|
0-0: Foul Ball, location: 2F 0-1: Ball 1-1: Ball 2-1: Ball 3-1: Foul Ball, location: 2F 3-2: Foul Ball, location: 2F 3-2: Foul Ball, location: 2F 3-2: Fly out, F4 (Popup, 4, EV 73.1 MPH)
|
Batting: SHB Suljo Dokic
|
0-0: Ball 1-0: Foul Ball, location: 2F 1-1: Called Strike 1-2: Strikes out swinging
|
Top of the 10th over - 0 runs, 0 hits, 0 errors, 0 left on base; Hudson Valley 3 - Aberdeen 3 |
BOTTOM OF THE 10TH |
Aberdeen Ironbirds batting - Pitching for Hudson Valley Renegades : RHP Chris Marino
|
Pitching: RHP Nelson Dawson
|
|
Batting: LHB David Best
|
0-0: Called Strike 0-1: Fly out, F7 (Flyball, 7D, EV 95.0 MPH)
|
Batting: SHB Hugo Moreno
|
0-0: Ball 1-0: Ball 2-0: Foul Ball, location: 2F 2-1: Ball 3-1: Base on Balls
|
Batting: LHB Shane Free
|
0-0: Called Strike 0-1: Swinging Strike 0-2: Ball 1-2: Foul Ball, location: 2F 1-2: Foul Ball, location: 2F 1-2: Strikes out looking
|
Batting: LHB Bill Ostlund
|
0-0: Foul Ball, location: 2F 0-1: Fly out, F8 (Flyball, 89S, EV 80.0 MPH)
|
Bottom of the 10th over - 0 runs, 0 hits, 0 errors, 1 left on base; Hudson Valley 3 - Aberdeen 3 |
TOP OF THE 11TH |
Hudson Valley Renegades batting - Pitching for Aberdeen Ironbirds : LHP Vinny Duarte
|
Batting: RHB Gabriel Duarte
|
0-0: Ball 1-0: Ball 2-0: Ball 3-0: Base on Balls
|
Batting: RHB Mark Richert
|
0-0: Bunted foul 0-1: Bunt missed! 0-2: Fly out, F9 (Line Drive, 9, EV 104.4 MPH)
|
Batting: RHB Khalil Walker
|
0-0: Swinging Strike 0-1: Foul Ball, location: 2F 0-2: Foul Ball, location: 2F 0-2: Strikes out looking
|
Pitching: RHP David Burrus
|
|
Pinch Hitting: LHB Killian Chaumont
|
0-0: Called Strike 0-1: SINGLE (Flyball, 8LS, EV 89.4 MPH) Gabriel Duarte to second Runner from 2nd tries for 3rd, SAFE, throw by CF made to third
|
Batting: RHB Orlando Herrera
|
0-0: Ground out 2-3 (Groundball, 15S, EV 65.6 MPH)
|
Top of the 11th over - 0 runs, 1 hit, 0 errors, 2 left on base; Hudson Valley 3 - Aberdeen 3 |
BOTTOM OF THE 11TH |
Aberdeen Ironbirds batting - Pitching for Hudson Valley Renegades : RHP Nelson Dawson
|
Now at 3B: Khalil Walker
|
|
Now at SS: Tirta Subandrio
|
|
Batting: RHB Hunter Neumann
|
0-0: Ball 1-0: SINGLE (Groundball, 56D, EV 97.5 MPH)
|
Batting: LHB Raul Rojas
|
0-0: Called Strike 0-1: Called Strike 0-2: Ball 1-2: Strikes out swinging
|
Batting: SHB Jorge Brito
|
0-0: SINGLE (Flyball, 89S, EV 81.3 MPH) Hunter Neumann to second
|
Batting: RHB Travis Carter
|
0-0: Ball 1-0: Ball 2-0: Called Strike 2-1: Foul Ball, location: 2F 2-2: Strikes out looking
|
Batting: RHB Jordan Wallace
|
0-0: Fly out, F8 (Flyball, 8RXD, EV 95.6 MPH)
|
Bottom of the 11th over - 0 runs, 2 hits, 0 errors, 2 left on base; Hudson Valley 3 - Aberdeen 3 |
TOP OF THE 12TH |
Hudson Valley Renegades batting - Pitching for Aberdeen Ironbirds : RHP David Burrus
|
Batting: LHB Dan Hunt
|
0-0: Called Strike 0-1: Ground out 4-3 (Groundball, 4, EV 83.1 MPH)
|
Batting: RHB Jesse Haddad
|
0-0: Ball 1-0: Foul Ball, location: 2F 1-1: Called Strike 1-2: Ball 2-2: Ball 3-2: SINGLE (Groundball, 56D, EV 103.1 MPH)
|
Batting: LHB Mark Marvin
|
0-0: Called Strike 0-1: SINGLE (Line Drive, 89S, EV 103.1 MPH) Jesse Haddad to second
|
Batting: SHB Suljo Dokic
|
0-0: Ball 1-0: 3-RUN HOME RUN (Flyball, 9D, EV 98.8 MPH), Distance : 383 ft
|
Pitching: RHP Jon Juarez
|
|
Batting: RHB Gabriel Duarte
|
0-0: Ball 1-0: Ball 2-0: Foul Ball, location: 2F 2-1: Foul Ball, location: 2F 2-2: Foul Ball, location: 2F 2-2: Fly out, F8 (Flyball, 8RXD, EV 98.8 MPH)
|
Batting: RHB Mark Richert
|
0-0: Called Strike 0-1: Foul Ball, location: 2F 0-2: Hit by Pitch
|
Batting: RHB Khalil Walker
|
0-0: Ball 1-0: Swinging Strike 1-1: Foul Ball, location: 2F 1-2: Ball 2-2: Strikes out swinging
|
Top of the 12th over - 3 runs, 3 hits, 0 errors, 1 left on base; Hudson Valley 6 - Aberdeen 3 |
BOTTOM OF THE 12TH |
Aberdeen Ironbirds batting - Pitching for Hudson Valley Renegades : RHP Nelson Dawson
|
Batting: LHB David Best
|
0-0: Called Strike 0-1: Foul Ball, location: 2F 0-2: Ball 1-2: Ball 2-2: SINGLE (Flyball, 3D, EV 100.6 MPH)
|
Batting: SHB Hugo Moreno
|
0-0: Ball 1-0: Called Strike 1-1: Grounds out, U3 (Groundball, 3L, EV 106.3 MPH)
|
Pitching: RHP Josh McMahan
|
|
Batting: LHB Shane Free
|
0-0: Ball 1-0: Ball 2-0: SINGLE (Groundball, 34D, EV 102.5 MPH) David Best to third
|
Batting: LHB Bill Ostlund
|
0-0: Ball 1-0: SINGLE (Groundball, 4D, EV 105.6 MPH) David Best scores Shane Free to second
|
Batting: RHB Hunter Neumann
|
0-0: Called Strike 0-1: Foul Ball, location: 2F 0-2: Foul Ball, location: 2F 0-2: Ball 1-2: Ball 2-2: Foul Ball, location: 2F 2-2: Ball Wild Pitch! Shane Free to third Bill Ostlund to second 3-2: SINGLE (Groundball, 5S, EV 68.1 MPH) (infield hit) Shane Free scores Bill Ostlund to third
|
Batting: LHB Raul Rojas
|
0-0: Fly out, F6 (Flyball, 56D, EV 95.0 MPH)
|
Batting: SHB Jorge Brito
|
0-0: Foul Ball, location: 2F 0-1: Ball 1-1: Ground out 1-3 (Groundball, 13S, EV 70.0 MPH)
|
Bottom of the 12th over - 2 runs, 4 hits, 0 errors, 2 left on base; Hudson Valley 6 - Aberdeen 5 |
|